 Dungeon Crawl Stone Soup version 0.16-a0-3943-gb4b81e6 (webtiles) character file.

236 Gorice the Poker (level 6, -13/36 HPs)
             Began as a Gargoyle Wanderer on Feb 8, 2015.
             Killed by divine providence
             ... invoked by an orc priest
              (15 damage)
             ... on level 4 of the Dungeon.
             The game lasted 00:22:53 (3728 turns).

Gorice the Poker (Gargoyle Wanderer)                Turns: 3728, Time: 00:22:53

Health: -13/36     AC: 17    Str: 17    XL:     6   Next: 6%
Magic:  12/12      EV:  0    Int: 14    God:
Gold:   187        SH: 11    Dex:  8    Spells: 0 memorised, 11 levels left

rFire  . . .     SeeInvis .     A - +2 spear (vamp)
rCold  . . .     Clarity  .     r - +0 plate armour
rNeg   + . .     SustAb   .     k - +0 large shield
rPois  ∞         Gourm    .     s - +1 helmet
rElec  +         Spirit   .     (no cloak)
rCorr  .         Warding  .     (no gloves)
rMut   .         Stasis   .     (no boots)
MR     .....                    (no amulet)
Stlth  ..........               (no ring)
                                x - ring of stealth

@: not resistant to hostile enchantments, extremely unstealthy
A: negative energy resistance 1, electricity resistance, unbreathing,
petrification resistance, rot immunity, AC +4
a: no special abilities


You were on level 4 of the Dungeon.
You were not hungry.

You visited 1 branch of the dungeon, and saw 4 of its levels.

You collected 187 gold pieces.

Inventory:

Hand weapons
 a - a +3 spear of flaming
   (You took it off Robin on level 2 of the Dungeon)
 b - a +4 hunting sling
 e - a +0 dagger
 A - a +2 vampiric spear (weapon)
   (You found it on level 4 of the Dungeon)
Missiles
 q - 13 silver sling bullets
 u - 24 poisoned needles
 y - 17 bolts of penetration
 Z - 109 stones (quivered)
Armour
 d - a +0 chain mail
 k - a +0 large shield (worn)
 r - a +0 plate armour (worn)
 s - a +1 helmet (worn)
Jewellery
 x - a ring of stealth (left hand)
Magical devices
 t - a wand of enslavement (12)
Scrolls
 g - 2 scrolls of remove curse
 n - 2 scrolls of magic mapping {!r}
 w - a scroll of enchant armour
 z - a scroll of blinking {unknown}
Potions
 h - a potion of brilliance {!q}
 j - a potion of curing
 m - a potion of lignification {!q}
 o - a potion of invisibility {!q}
 v - a potion of magic {!q}
Books
 c - the Disquisition on the Blaze

   Spells                             Type                      Level
   a - Flame Tongue                   Conjuration/Fire             1
   b - Inner Flame                    Hexes/Fire                   3
 p - Pimucepp's Papyrus of the Lost Dances

   Spells                             Type                      Level
   a - Sandblast                      Earth                        1
   b - Passwall                       Transmutation/Earth          3
Comestibles
 f - a chunk of flesh
 l - 4 meat rations {!e}


   Skills:
 - Level 2.5 Fighting
 * Level 4.9 Polearms
 + Level 1.4 Armour
 - Level 1.0 Dodging
 - Level 2.1 Stealth
 - Level 1.1 Shields
 - Level 3.0 Spellcasting


You had 11 spell levels left.
You didn't know any spells.

Dungeon Overview and Level Annotations

Branches:
Dungeon (4/15)
 Temple: D:4-7

Altars:
Cheibriados
Kikubaaqudgha

Shops:
D:4 (

Annotations:
D:3 UX: shaft passthru
D:4 UX: shafted here


Innate Abilities, Weirdness & Mutations

You are resistant to torment.
You are immune to poison.
Your stone body is very resilient (AC +4).
You resist negative energy.
You are resistant to electric shocks.
You can survive without breathing.
You are immune to petrification.
You are immune to rotting.


Message History

Press: ? - help, Dir - move target cursor, f/p - orc priest
Aim: an orc priest, wearing a leather armour (moderately wounded)
Something you can't see is in the way.
You closely miss something. Something hits you but does no damage.
Attack whom?
Press: ? - help, Dir - move target cursor, f/p - orc priest
Aim: an orc priest, wearing a leather armour (moderately wounded)
You reach to attack!
You hit the orc priest.
The orc priest is moderately wounded.
You block its attack.
Attack whom?
Press: ? - help, Dir - move target cursor, f/p - orc priest
Aim: an orc priest, wearing a leather armour (moderately wounded)
You reach to attack!
You hit the orc priest but do no damage.
The orc priest is moderately wounded.
Something hits you but does no damage.
Attack whom?
Press: ? - help, Dir - move target cursor, f/p - orc priest
Aim: an orc priest, wearing a leather armour (moderately wounded)
You reach to attack!
You hit the orc priest but do no damage.
The orc priest is moderately wounded.
The orc priest calls down the wrath of Beogh upon you.
Something smites you! Something hits you but does no damage.
You take 9 damage.
Attack whom?
Press: ? - help, Dir - move target cursor, f/p - orc priest
Aim: an orc priest, wearing a leather armour (moderately wounded)
Something you can't see is in the way.
You miss something.
You hear some strange, mumbled words.
Something tries to affect you, but you resist.
Attack whom?
Press: ? - help, Dir - move target cursor, f/p - orc priest
Aim: an orc priest, wearing a leather armour (moderately wounded)
Something you can't see is in the way.
You closely miss something.
The orc priest calls down the wrath of Beogh upon you.
Something smites you!
* * * LOW HITPOINT WARNING * * *
Something hits you but does no damage.
You hear a shout!
You take 16 damage.
Attack whom?
Press: ? - help, Dir - move target cursor, f/p - orc priest
Aim: an orc priest, wearing a leather armour (moderately wounded)
You reach to attack!
You closely miss the orc priest.
The orc priest is moderately wounded.
The orc priest mumbles some strange prayers to Beogh against you.
Something smites you!
You die...

### #.# # ..# #.# ...
#.# #.# ..#...######o#
#.# 8..∩..8oZ.o.oZ# #.#
....##..#####)# #.# #.
#. #@# #.# #.# #..#
##.## #.# #.##
#..####...####.# #..#
#..##...#....<.#
#..###..##.#...######
#.......##.##.##
#..###..##.##.#######.#
#..###..##.#.......>....
#..............)......#


You could see an orc priest, an orc and a giant gecko skeleton.

Vanquished Creatures
  An orc priest (D:4)
  An orc wizard (D:4)
  Robin (D:2)
  5 adders
  2 worms
  An adder zombie (D:2)
  3 adder skeletons (D:2)
  A giant gecko (D:2)
  2 oozes
  3 orcs (D:4)
  2 bat skeletons (D:2)
  2 bat zombies (D:2)
  4 giant cockroaches
  11 hobgoblins
  A quokka (D:3)
  8 bats
  A giant cockroach zombie (D:2)
  A giant gecko zombie (D:2)
  2 giant newts (D:2)
  13 goblins
  7 jackals
  6 kobolds
  A quokka skeleton (D:2)
  A quokka zombie (D:2)
  12 rats
92 creatures vanquished.

Notes
Turn   | Place    | Note
--------------------------------------------------------------
     0 | D:1      | Gorice, the Gargoyle Wanderer, began the quest for the Orb.
     0 | D:1      | Gorice set off with: a +2 spear, Pimucepp's Papyrus of the Lost Dances, the Disquisition on the Blaze, a +0 robe, a +0 dagger, a bread ration {!e}
     0 | D:1      | Reached XP level 1. HP: 12/12 MP: 4/4
     0 | D:1      | Identified Pimucepp's Papyrus of the Lost Dances
     0 | D:1      | Identified the Disquisition on the Blaze
    52 | D:1      | Reached skill level 2 in Polearms
   210 | D:1      | Reached XP level 2. HP: 16/16 MP: 6/6
  1076 | D:2      | HP: 5/17 [adder zombie (1)]
  1078 | D:2      | Reached XP level 3. HP: 6/21 MP: 7/7
  1143 | D:2      | HP: 4/21 [hobgoblin (4)]
  1368 | D:2      | Reached skill level 3 in Polearms
  1609 | D:2      | Reached skill level 2 in Fighting
  1713 | D:2      | Reached XP level 4. HP: 17/26 MP: 9/9
  1761 | D:2      | Noticed Robin
  1772 | D:2      | HP: 6/26 [Robin/spear of flaming (2)]
  1773 | D:2      | Killed Robin
  1781 | D:2      | HP: 6/26 [goblin[Robin] (1)]
  1896 | D:2      | You fall through a shaft for 2 floors!
  2270 | D:2      | Reached skill level 4 in Polearms
  2312 | D:2      | Reached XP level 5. HP: 31/31 MP: 11/11
  2933 | D:3      | Found a snail-covered altar of Cheibriados.
  2933 | D:3      | Found an ancient bone altar of Kikubaaqudgha.
  3544 | D:4      | Reached skill level 1 in Armour
  3561 | D:4      | Reached XP level 6. HP: 31/36 MP: 12/12
  3696 | D:4      | Found Thice's Antique Weapon Shop.
  3727 | D:4      | HP: 2/36 [orc priest/divine providence (16)]
  3728 | D:4      | Killed from afar by an orc priest

Action                   |  1- 3 |  4- 6 || total
-------------------------+-------+-------++-------
Melee: Spear             |   137 |   206 ||   343
 Fire: Hunting sling     |       |     9 ||     9
Throw: Stone             |    20 |     1 ||    21
  Use: Scroll            |     5 |     9 ||    14
 Stab: Sleeping          |     4 |     1 ||     5
  Eat: Chunk             |     3 |     6 ||     9
       Bread ration      |       |     1 ||     1

Table legend:
 A = Turns spent in this place as a percentage of turns spent in the entire game.
 B = Non-inter-level travel turns spent in this place as a percentage of non-inter-level travel turns spent in the entire game.
 C = Inter-level travel turns spent in this place as a percentage of turns spent in this place.
 D = Turns resting spent in this place as a percentage of non-inter-level travel turns spent in this place.
 E = Turns spent auto-exploring this place as a percentage of non-inter-level travel turns spent in this place.
 F = Non-inter-level travel turns spent in this place divided by the number of levels of this place that you've seen.
                   A       B       C       D       E      F
               +-------+-------+-------+-------+-------+----------------------
         Total | 100.0 | 100.0 |   0.6 |   0.5 |   6.0 | 354.5
       Dungeon | 100.0 | 100.0 |   0.6 |   0.5 |   6.0 | 354.5
               +-------+-------+-------+-------+-------+----------------------

Vault maps used:
D:1:      onia_arrival_mini_maze_b
D:2:      serial_undead, serial_undead_a, serial_undead_d, serial_undead_b,
          serial_undead_c, serial_undead_a, serial_undead_d, serial_undead_f,
          serial_undead_e, serial_undead_e, serial_undead_c, uniq_robin
D:3:      amethyst_overflow_temple_binary
D:4:      temple_hall, first_bread, serial_shops, shop_statue
